Merl, neutral female human Valkyrie --.---- |.....-- ----- --. ...| -...----------...| ...............- -...----*.....| --.....|.......---- -- |..........(......| -.- - --..[.......>.....-- ... |.............)......--- ...----....................-- -.......*..................- ---....^..(...--.|....---....| --.........----|....- ...- |...<.....- ---...| ...- ----.......| -..| ... --.....-- --- ...- |....-- --- |..--- ---- Merl the Fighter Experience level: 8 Strength: 18/02 Dexterity: 13 Constitution: 17 Intelligence: 8 Wisdom: 10 Charisma: 8 Health: 0(73) Energy: 26(26) Def: 14 Gold: 680 Moves: 3684 Dungeon seed: 0Q_Dj0uSVcCxrNTV Game ID: Merl_1524935235 Your Inventory: Coins $ - 680 gold pieces Weapons a - a blessed +1 long sword (weapon in hand) b - a blessed +0 dagger s - 11 +0 daggers Armor e - an uncursed +3 small shield (being worn) r - an uncursed +0 dwarvish cloak (being worn) y - an uncursed +0 dwarvish iron helm (being worn) z - an uncursed +0 dwarvish mithril-coat (being worn) N - an uncursed +0 pair of iron shoes (being worn) Comestibles c - 2 uncursed food rations Scrolls m - an uncursed scroll of charging H - 2 uncursed scrolls of create monster Q - 2 cursed scrolls of teleportation W - a cursed scroll of enchant armor X - a cursed scroll of destroy armor Y - an uncursed scroll of enchant weapon Z - a cursed scroll of remove curse Potions g - an uncursed potion of polymorph j - a blessed potion of gain energy l - a blessed potion of invisibility S - a cursed potion of enlightenment Rings d - a cursed ring of aggravate monster named c f - an uncursed ring of conflict h - an uncursed ring of slow digestion n - an uncursed ring of see invisible Wands A - a wand of light (0:12) F - a wand of striking (0:5) G - a wand of create monster (0:0) J - a wand of striking (0:2) Tools k - an uncursed skeleton key t - a +0 pick-axe u - a tinning kit (0:98) D - an uncursed towel E - 3 uncursed tallow candles (0:200) U - a cursed sack Gems q - an uncursed touchstone named touchstone Spells and supernatural/magical abilities: Name Level Category Fail Memory W - pray for help -- divine ? -- Your skills at the end: Fighting Skills Weapon Skills dagger [Basic] long sword [Skilled] Spellcasting Skills Final Attributes: You were piously aligned. You were cold resistant. You were blinded. You were stealthy. You were fast. You are dead. Vanquished creatures: 2 ghosts a large mimic 3 small mimics a giant beetle 4 gnome kings a yeti a lizard a chickatrice 2 human zombies 8 Mordor orcs a pony 5 gnome lords 4 gnomish wizards a barrow wight a giant ant 2 kittens 10 dwarves a homunculus 2 rothes a giant bat 2 iguanas 2 killer bees 3 coyotes 3 hobbits 4 hobgoblins 4 giant rats 2 brown molds a red mold 35 gnomes a garter snake a gnome zombie 2 geckos 2 jackals 2 foxes a kobold 2 goblins 5 sewer rats 11 grid bugs 2 lichens 2 kobold zombies 4 newts 143 creatures vanquished. Voluntary challenges: You had been an atheist until turn 2989. You used a wielded weapon 138 times, starting on turn 56. You read items or engraved 1 time, starting on turn 3293. You never genocided any monsters. You never polymorphed an object. You never changed form. You used no wishes. You never split a pudding. You never wrote Elbereth's name. You never violated your personal moral code. Dungeon overview: The Dungeons of Doom: levels 1 to 5 Level 1 a long staircase Level 2 a jewelry store Level 3 stairs to The Gnomish Mines Level 4 Level 5 The Gnomish Mines: levels 4 to 9 Level 4 stairs to The Dungeons of Doom Level 5 Level 6 Level 7 many shops, a temple to Loki, some fountains Level 8 Level 9 <- You were here History has recorded: On T:1 you entered the Dungeons of Doom to retrieve the Amulet of Yendor! On T:326 you reached level 2 of The Dungeons of Doom. On T:569 you reached level 3 of The Dungeons of Doom. On T:845 you reached level 4 of The Dungeons of Doom. On T:1129 you advanced to experience level 2. On T:1153 you reached level 5 of The Dungeons of Doom. On T:1645 you advanced to experience level 3. On T:1657 you reached level 1 of The Gnomish Mines. On T:1817 you advanced to experience level 4. On T:2019 you reached level 2 of The Gnomish Mines. On T:2075 you advanced to experience level 5. On T:2507 you reached level 3 of The Gnomish Mines. On T:2650 you advanced to experience level 6. On T:2864 you reached level 4 of The Gnomish Mines. On T:3316 you advanced to experience level 7. On T:3432 you reached level 5 of The Gnomish Mines. On T:3598 you reached level 6 of The Gnomish Mines. On T:3632 you advanced to experience level 8. Score breakdown: Gold: 680 ( 9637 points) Experience: 8 levels (14739 points) Exploration: 9 levels ( 18.37%) (12247 points) Discoveries: 12 items ( 4.88%) ( 6625 points) Valuables value: (no points given unless you survive) Artifact value: 0 ( 0 points) Variety of kills: 41 monsters ( 10.76%) ( 9841 points) Turncount: 3684 turns ( -903 points) Survival: died (score multiplied by 80%) Total score: 41748 Latest messages: It misses. Use the 'moveonly' command to move into a remembered wall. (7x) You are beginning to feel hungry. You stop waiting. That food really hit the spot! You finish eating the food ration. Splash! (2x) You hear some noises. It is hit. You stop waiting. Splash! (3x) You hear some noises. You hear a nearby zap. You stop waiting. The bolt of lightning whizzes by you! The bolt of lightning hits you! You hear a nearby zap. The bolt of lightning hits you! You die... The sack is empty. The sack is empty. Final status: Farvel Merl the Valkyrie, killed by a bolt of lightning... You died in The Gnomish Mines on dungeon level 9 with 41748 points, and 680 pieces of gold, after 3684 moves. You were level 8 with a maximum of 73 hit points when you died.